 Dungeon Crawl Stone Soup version 0.29.1-1-gd02db6906a (webtiles) character file.

Game seed: 5030023161744479004

98 raistware the Conjurer (level 4, -1/27 HPs)
             Began as an Octopode Conjurer on Sept 27, 2022.
             Succumbed to a scorpion's poison
             ... on level 3 of the Dungeon.
             The game lasted 00:04:40 (2713 turns).

raistware the Conjurer (Octopode Conjurer)          Turns: 2713, Time: 00:04:41

Health: -1/27      AC:  1    Str:  6    XL:     4   Next: 71%
Magic:  3/10       EV: 13    Int: 22    God:
Gold:   96         SH:  0    Dex: 10    Spells: 3/11 levels left

rFire   . . .      SeeInvis .   g - +3 war axe (vorpal)
rCold   . . .      Faith    .   (no shield)
rNeg    . . .      Spirit   .   f - +0 hat
rPois   .          Reflect  .   (no amulet)
rElec   .          Harm     .   (no ring)
rCorr   .          Rampage  .   (no ring)
Will    .....                   (no ring)
Stlth   +++.......              (no ring)
HPRegen 0.09/turn               (no ring)
MPRegen 0.12/turn               (no ring)
                                (no ring)
                                (no ring)

@: lethally poisoned (-1 -> -10), very slightly contaminated
A: almost no armour, amphibious, 8 rings, camouflage 1, gelatinous body 1,
(nimble swimmer 1), tentacles
a: no special abilities


You were on level 3 of the Dungeon.
You visited 1 branch of the dungeon, and saw 4 of its levels.

You collected 96 gold pieces.

Inventory:

Hand Weapons
 g - a +3 vorpal war axe (weapon)
Missiles
 k - 4 curare-tipped darts
Armour
 f - a +0 hat (worn)
Wands
 l - a wand of quicksilver (10)
Scrolls
 b - a scroll of blinking {unknown}
 d - a scroll of enchant weapon {unknown}
 e - 3 scrolls of identify {unknown}
 j - a scroll of fear {unknown}
Potions
 a - a potion of magic
 c - a potion of might {unknown}
 h - 2 potions of curing
 i - a potion of invisibility {unknown}
 m - a potion of heal wounds {unknown}


   Skills:
 - Level 2.0 Dodging
 - Level 3.0 Stealth
 - Level 4.0 Spellcasting
 - Level 4.0 Conjurations
 + Level 1.6 Translocations


You had 3 spell levels left.
You knew the following spells:

 Your Spells              Type           Power      Damage    Failure   Level
a - Magic Dart            Conj           88%        1d7       2%          1
b - Iskenderun's Mystic   Conj/Tloc      16%        2d5       34%         4
c - Stone Arrow           Conj/Erth      26%        3d8       14%         3

Your spell library contained the following spells:

 Spells                   Type           Power      Damage    Failure   Level
 Searing Ray              Conj           44%        2d6       3%          2
 Sandblast                Erth           8%         2d5       11%         1
 Dazzling Flash           Conj/Hex       26%        N/A       14%         3
 Passwall                 Tmut/Erth      3%         N/A       17%         2
 Fulminant Prism          Conj/Hex       6%         3d7       43%         4


Dungeon Overview and Level Annotations

Branches:
Dungeon (4/15)
 Temple: D:4-7

Altars:
Ashenzari
Trog


Innate Abilities, Weirdness & Mutations

You cannot wear most types of armour.
You are amphibious.
You can wear up to eight rings at the same time.
Your skin changes colour to match your surroundings (Stealth+).
Your rubbery body absorbs attacks. (AC +1, EV +1)
((You are camouflaged when in or above water. (Stealth+)))
You have tentacles for arms and can constrict up to eight enemies at once.


Message History

The kobold shouts!
A kobold is nearby!
A kobold is nearby!
The magic dart hits the kobold.
The kobold is severely wounded.
You barely miss the kobold. Your grab misses the kobold.
The kobold is severely wounded.
The kobold closely misses you. The kobold barely misses you.
You hit the kobold.
You kill the kobold!
No target in view!
Things that are here:
a +0 short sword; a kobold corpse
There is an open door here.
A scorpion comes into view.
The magic dart hits the scorpion but does no damage.
The magic dart hits the scorpion but does no damage.
The magic dart hits the scorpion but does no damage.
The magic dart hits the scorpion but does no damage.
You barely miss the scorpion. You grab the scorpion.
You constrict the scorpion, but do no damage.
The scorpion barely misses you. x2
You barely miss the scorpion.
You constrict the scorpion, but do no damage.
The scorpion stings you.
You are poisoned.
The scorpion poisons you! The scorpion misses you.
You hit the scorpion but do no damage.
You constrict the scorpion, but do no damage.
You feel very sick. The scorpion stings you.
Casting: Magic Dart (safe; 2% risk of failure)
Confirm with . or Enter, or press ? or * to list all spells.
The spell is astonishingly dangerous to miscast (34% risk of failure)!
Continue anyway?
You miscast Iskenderun's Mystic Blast.
You are very lightly contaminated with residual magic.
The air around you crackles with energy!
* * * LOW HITPOINT WARNING * * *
You constrict the scorpion, but do no damage.
You die...

...######...#...#
#...........##.
##'###......#...#
##############.
....##......##### #.
.....+......###### #.
.................# ##
....###..........#
....###...#......#
....###...##.....#
#.....^
.....#....##....@#
#......
.....#....##.....s......
#......
....._....##............
#......
##...#....####..........
#...... ##..#....#
#.......... #......
#.###.### #..........
+....). .###.
........... #......
............ #......
#......


You could see a scorpion.

Vanquished Creatures
  An orc priest (D:3)
  Robin (D:2)
  An adder (D:3)
  2 dart slugs
  3 orcs (D:3)
  2 endoplasms (D:1)
  2 giant cockroaches
  8 goblins
  3 hobgoblins (D:2)
  3 quokkas
  4 ball pythons
  2 bats
  2 frilled lizards (D:1)
  7 kobolds
  A rat (D:3)
42 creatures vanquished.

Notes
Turn   | Place    | Note
-------+----------+-------------------------------------------
     0 | D:1      | raistware the Octopode Conjurer began the quest for the
                  | Orb.
     0 | D:1      | Reached XP level 1. HP: 11/11 MP: 3/3
   162 | D:1      | Found a faded altar of an unknown god.
   342 | D:1      | Reached XP level 2. HP: 17/17 MP: 0/5
  1522 | D:2      | Found a bloodstained altar of Trog.
  1524 | D:2      | You fall into a shaft and drop 2 floors!
  1567 | D:3      | Reached XP level 3. HP: 21/21 MP: 7/7
  1583 | D:3      | Reached XP level 4. HP: 19/27 MP: 7/9
  1852 | D:2      | Noticed Robin
  1869 | D:2      | Killed Robin
  1870 | D:2      | Reached skill level 1 in Translocations
  1877 | D:2      | Learned a level 4 spell: Iskenderun's Mystic Blast
  2456 | D:3      | Learned a level 3 spell: Stone Arrow
  2545 | D:3      | Found a broken altar of Ashenzari.
  2705 | D:3      | Noticed a scorpion
  2713 | D:3      | HP: 1/27 [something (10)]
  2713 | D:3      | Succumbed to a scorpion's poison

Illustrated notes

Levels and vault maps discovered:
D:1:      psy_arrival_radial02, layout_basic, chequers_ecumenical_altar_simple
D:2:      layout_basic, basic_altar, uniq_robin
D:3:      layout_basic, cheibrodos_ashenzari_chains
D:4:      layout_rooms, kennysheep_vampire_church, nemelex_spade_bored_becter,
          hangedman_abyss_or_decor_stabs, minmay_mini_jars, uniq_natasha,
          uniq_duvessa, uniq_crazy_yiuf_cottage

Skill      XL: |  1  2  3  4 |
---------------+-------------+-----
Spellcasting   | 3 4 |  4.0
Stealth        | 3 |  3.0
Translocations | 1 |  1.6
Dodging        | |  2.0
Conjurations   | |  4.0

Action                   |  1- 3 |  4- 6 || total
-------------------------+-------+-------++-------
Melee: Unarmed           |     5 |       ||     5
       Constrict         |     4 |     6 ||    10
       Tentacles         |     1 |       ||     1
       War axe           |    11 |    22 ||    33
 Cast: Magic Dart        |    32 |    23 ||    55
  Use: Potion            |       |     1 ||     1
 Stab: Sleeping          |     2 |       ||     2
Armor: Skin              |       |     1 ||     1
Dodge: Dodged            |    11 |    24 ||    35
